Map: Para Site LE

Players

zuka - Winner!

  • Race: Protoss Protoss
  • League: Master
  • Spawn Location: 5:00

Kalekin

  • Race: Zerg Zerg
  • League: Master
  • Spawn Location: 11:00

VOD

Have the link to the VOD?

Description

Time

  • Played on: Oct. 22, 2018, 1:57 p.m.
  • Length: 11:29
Show
View Real Time Build Order
Export as new Build Order

zuka Protoss - Winner!

Build Orders: 1 Gate Expand, Oracle Opening, Phoenix Opening, Zealot Archon 

Get SALT Encoding   

  12  0:01  Probe  
  13  0:13  Probe  
  14  0:19  Pylon  
  14  0:21  Probe  
  15  0:33  Probe  
  15  0:41  Gateway  
  16  0:45  Probe  
  16  0:49  Assimilator  
  17  0:55  Probe  
  18  1:03  Probe  
  19  1:12  Probe  
  19  1:17  Pylon  
  20  1:33  Nexus  
  20  1:39  Cybernetics Core  
  20  1:41  Probe  
  20  1:46  Assimilator  
  21  1:53  Probe  
  22  1:59  Pylon  
  22  2:05  Probe  
  23  2:09  Adept  
  23  2:18  Probe  
  26  2:28  Stargate  
  26  2:30  Probe  
  26  2:36  Adept  
  29  2:42  Warp Gate, Probe  
  30  2:48  Probe  
  31  2:54  Probe, Gateway  
  32  3:00  Probe  
  32  3:02  Oracle  
  33  3:06  Probe  
  33  3:12  Probe  
  38  3:14  Adept  
  38  3:18  Probe  
  41  3:24  Probe  
  42  3:30  Probe  
  42  3:33  Pylon  
  43  3:40  Phoenix  
  46  3:44  Probe  
  46  3:51  Robotics Facility  
  46  3:54  Probe  
  47  3:56  Probe, Assimilator  
  47  4:01  Assimilator  
  47  4:02  Pylon  
  48  4:05  Probe  
  48  4:09  Probe  
  50  4:13  Probe  
  50  4:14  Twilight Council  
  50  4:21  Probe x2  
  52  4:25  Gateway  
  52  4:26  Gateway  
  53  4:32  Probe  
  53  4:33  Probe  
  55  4:39  Warp Prism  
  55  4:42  Pylon  
  55  4:44  Probe  
  55  4:45  Probe  
  59  4:54  Templar Archives  
  59  4:56  Probe  
  60  5:06  Nexus  
  60  5:07  Probe  
  60  5:08  Probe  
  63  5:22  Pylon  
  63  5:26  Assimilator  
  62  5:31  Assimilator  
  62  5:34  High Templar x2  
  62  5:35  High Templar  
  68  5:39  High Templar  
  68  5:40  Archon  
  68  5:41  Immortal  
  68  5:42  Charge  
  70  5:43  Probe x2  
  70  5:45  Archon  
  72  5:53  Pylon  
  72  5:55  Probe  
  72  5:56  Probe  
  78  5:58  Pylon  
  78  6:03  Gateway  
  78  6:10  Forge  
  78  6:11  Probe x2  
  80  6:18  Robotics Facility, Immortal  
  80  6:23  Probe x2  
  86  6:29  Protoss Ground Weapons Level 1  
  86  6:32  Probe  
  87  6:35  Probe x2  
  87  6:36  Pylon  
  87  6:37  Pylon  
  87  6:38  Pylon  
  89  6:43  Shield Battery  
  89  6:44  Probe  
  89  6:45  Shield Battery  
  90  6:47  Probe x2  
  90  6:50  Immortal  
  92  6:56  Probe  
  92  6:59  Probe x2  
  99  7:01  High Templar x2  
  99  7:02  Zealot x2  
  99  7:05  Archon  
  99  7:06  Immortal  
  99  7:08  Probe  
  108  7:11  Probe x2  
  114  7:16  Pylon  
  114  7:19  Immortal  
  115  7:23  Probe x2  
  121  7:31  Shield Battery  
  121  7:32  Shield Battery  
  121  7:36  Psionic Storm  
  120  7:38  Zealot x2  
  120  7:39  High Templar x2  
  120  7:40  Immortal  
  120  7:41  Zealot  
  130  7:45  Archon  
  130  7:47  Probe x2  
  136  7:53  Pylon x2  
  136  7:56  Gateway  
  136  8:00  High Templar  
  136  8:02  Zealot  
  140  8:06  Pylon  
  140  8:10  Gateway  
  140  8:11  Gateway  
  140  8:13  Immortal  
  148  8:20  Immortal  
  148  8:24  High Templar  
  148  8:26  Zealot x2  
  154  8:27  Zealot  
  156  8:41  High Templar  
  156  8:45  Gateway  
  156  8:46  Protoss Ground Weapons Level 2  
  158  8:51  Zealot x3  
  164  8:57  Gateway  
  164  8:58  Pylon  
  164  9:09  Immortal x2  
  164  9:16  Pylon  
  172  9:18  Pylon  
  172  9:22  Pylon  
  172  9:23  Gateway  
  172  9:24  Photon Cannon  
  172  9:25  Shield Battery, Gateway  
  172  9:35  High Templar x2  
  172  9:36  High Templar x2  
  172  9:37  Zealot  
  172  9:38  Zealot x3  
  186  9:41  Archon x2  
  186  9:45  Warp Prism  
  188  9:46  Observer  
  191  9:58  Zealot  
  193  10:02  Zealot x2  
  193  10:05  Photon Cannon  
  197  10:07  Photon Cannon  
  197  10:09  Photon Cannon  
  197  10:32  Warp Prism  
  196  10:42  Zealot x5  
  196  10:43  Zealot x2  
  196  10:44  Zealot  
  187  10:50  Zealot  
  186  11:14  Zealot  
Show
View Real Time Build Order
Export as new Build Order

Kalekin Zerg 

Build Orders: Hatch First, Lurkers 

Get SALT Encoding   

  12  0:01  Drone  
  13  0:13  Overlord  
  13  0:17  Drone  
  14  0:31  Drone x2  
  16  0:48  Hatchery  
  15  0:51  Drone  
  15  0:55  Drone  
  17  0:58  Drone  
  18  1:10  Extractor  
  17  1:14  Spawning Pool  
  16  1:32  Drone  
  17  1:35  Drone  
  17  1:36  Drone  
  19  1:48  Drone  
  20  1:57  Drone  
  20  2:00  Drone  
  20  2:01  Queen x2  
  22  2:06  Drone  
  27  2:19  Metabolic Boost  
  27  2:29  Hatchery  
  26  2:34  Overlord  
  26  2:36  Zergling x2  
  27  2:39  Zergling x2  
  28  2:44  Overlord  
  28  2:52  Queen  
  28  2:54  Drone  
  28  2:56  Drone  
  32  2:59  Drone  
  32  3:01  Drone  
  34  3:10  Drone x3  
  34  3:12  Drone  
  38  3:17  Drone x2  
  40  3:20  Drone  
  40  3:23  Drone  
  40  3:24  Drone  
  44  3:27  Drone  
  44  3:36  Zergling x2  
  44  3:41  Spore Crawler  
  43  3:42  Spore Crawler  
  43  3:44  Overlord  
  43  3:45  Zergling x4  
  44  3:50  Drone  
  44  3:51  Drone x3  
  44  3:53  Spore Crawler  
  47  4:01  Drone x3  
  47  4:02  Queen  
  51  4:11  Drone x2  
  51  4:13  Drone x3  
  51  4:15  Drone  
  51  4:16  Drone  
  58  4:20  Drone  
  58  4:24  Extractor  
  57  4:25  Extractor  
  57  4:27  Roach Warren, Overlord  
  55  4:32  Overlord  
  55  4:36  Overlord  
  55  4:48  Drone x3  
  55  4:52  Drone x6  
  64  4:59  Drone x2  
  67  5:00  Drone x3  
  67  5:01  Lair  
  69  5:07  Pneumatized Carapace  
  69  5:13  Overlord x3  
  69  5:17  Extractor  
  69  5:20  Drone x4  
  69  5:21  Roach  
  74  5:23  Evolution Chamber  
  73  5:29  Overlord x2  
  73  5:32  Extractor  
  73  5:35  Roach x3  
  78  5:46  Roach x2  
  78  5:47  Drone, Roach x3  
  89  5:56  Drone x4  
  93  5:59  Extractor  
  93  6:01  Drone x3  
  93  6:02  Glial Reconstitution  
  93  6:04  Zerg Missile Weapons Level 1  
  94  6:13  Overlord x3  
  94  6:18  Overlord x2  
  92  6:22  Hatchery  
  92  6:23  Overseer  
  91  6:27  Drone x3  
  94  6:33  Overlord  
  94  6:40  Queen  
  94  6:42  Drone x2  
  94  6:43  Hydralisk Den  
  97  6:47  Drone x2  
  97  6:48  Drone x4, Roach  
  97  6:49  Roach x2  
  97  6:53  Baneling Nest  
  108  6:58  Roach x3  
  114  7:04  Drone x2  
  116  7:11  Overlord  
  116  7:13  Hydralisk  
  118  7:17  Roach  
  118  7:25  Grooved Spines  
  118  7:28  Extractor  
  118  7:29  Evolution Chamber  
  116  7:30  Hydralisk x6  
  116  7:32  Extractor  
  116  7:33  Ravager  
  116  7:35  Hydralisk x3  
  133  7:40  Hydralisk  
  135  7:45  Queen  
  135  7:51  Drone x5  
  140  7:52  Drone x2  
  140  7:53  Hatchery  
  140  7:54  Zergling x6  
  140  7:55  Centrifical Hooks  
  140  7:58  Zerg Melee Weapons Level 1  
  146  7:59  Zerg Missile Weapons Level 2  
  146  8:01  Hydralisk x4  
  154  8:07  Zergling x2  
  155  8:14  Zergling x8  
  159  8:20  Zergling x2, Overlord  
  159  8:21  Overlord x2  
  160  8:31  Overlord x3  
  160  8:32  Overlord  
  160  8:36  Muscular Augments  
  160  8:38  Lurker Den  
  160  8:40  Infestation Pit  
  158  8:47  Drone x3  
  160  8:53  Zergling x16  
  168  8:57  Hatchery  
  168  8:58  Overlord  
  168  8:59  Spine Crawler  
  163  9:13  Overlord x3  
  163  9:26  Hydralisk x3, Overlord x3  
  163  9:30  Overseer  
  163  9:31  Overseer  
  169  9:36  Baneling x4  
  169  9:37  Baneling x8  
  169  9:56  Zergling x16  
  169  9:58  Zergling x8  
  169  9:59  Zergling x14  
  187  10:00  Zergling x4  
  174  10:09  Lurker  
  174  10:10  Lurker x8  
  174  10:12  Hive  
  183  10:14  Zergling x10  
  183  10:15  Zergling x4  
  178  10:41  Hydralisk  
  144  10:45  Hydralisk  
  144  10:46  Hydralisk x10  
  144  10:47  Zergling x2  
  144  10:48  Zergling x6  
  134  10:52  Zergling x4  
  134  10:53  Zergling x2  
  134  10:55  Hydralisk  
  134  10:56  Hydralisk x2  
  134  10:57  Hydralisk x2  
  134  10:59  Hydralisk  
  134  11:02  Hydralisk x10  
Tags
 
Add a new tag
Caveats
  • Supply blocks, unpowered buildings, or Contaminate may cause inaccurate times.
  • Supply counts are checked every 10 seconds.